 Dungeon Crawl Stone Soup version 0.29-a0-802-g34511f41fd (webtiles) character file.

Game seed: 2380801654880815653

102 kevlar127 the Ruffian (level 4, 0/45 HPs)
             Began as a Troll Berserker on July 3, 2022.
             Was a Believer of Trog.
             Slain by a goblin
             ... wielding a +0 dagger
             ... led by Robin
              (3 damage)
             ... on level 3 of the Dungeon.
             The game lasted 00:03:09 (1100 turns).

kevlar127 the Ruffian (Troll Berserker)             Turns: 1100, Time: 00:03:09

Health: 0/45       AC:  4    Str: 27    XL:     4   Next: 50%
Magic:  3/3        EV: 10    Int:  3    God:    Trog [**....]
Gold:   59         SH:  0    Dex:  9    Spells: 3/3 levels left

rFire   . . .      SeeInvis .     - Unarmed
rCold   . . .      Faith    .   (no shield)
rNeg    . . .      Spirit   .   a - +0 animal skin
rPois   .          Reflect  .   (helmet restricted)
rElec   .          Harm     .   (no cloak)
rCorr   .          Rampage  .   (gloves unavailable)
Will    .....                   (boots unavailable)
Stlth   +.........              (no amulet)
HPRegen 0.95/turn               (no ring)
MPRegen 0.08/turn               (no ring)

@: no status effects
A: large, unfitting armour, claws 3, regeneration 1, shaggy fur 1, tough skin 1
a: Renounce Religion, Berserk, Trog's Hand


You were on level 3 of the Dungeon.
You worshipped Trog.
Trog was pleased with you.
You visited 1 branch of the dungeon, and saw 3 of its levels.

You collected 59 gold pieces.

Inventory:

Missiles
 c - 24 stones (quivered)
 g - 5 poisoned darts
Armour
 a - a +0 animal skin (worn)
Jewellery
 j - an amulet of reflection
Scrolls
 b - a scroll of enchant weapon {unknown}
 d - 2 scrolls of identify {unknown}
 h - a scroll of teleportation {unknown}
Potions
 e - a potion of flight {unknown}
 f - 2 potions of magic {unknown}
 i - a potion of lignification {unknown}


   Skills:
 + Level 3.5 Fighting
 - Level 2.4 Dodging
 + Level 4.3 Unarmed Combat


You had 3 spell levels left.
You didn't know any spells.
Your spell library was empty.

Dungeon Overview and Level Annotations

Branches:
Dungeon (3/15)

Altars:
Wu Jian

Shops:
D:3 (

Annotations:
D:3 Robin


Innate Abilities, Weirdness & Mutations

You are too large for most types of armour.
You have claws for hands.
Your natural rate of healing is unusually fast.
You are covered in fur. (AC +1)
You have tough skin. (AC +1)


Message History

You are too injured to fight recklessly!
You are too injured to fight recklessly!
You are too injured to fight recklessly!
You are too injured to fight recklessly!
You are too injured to fight recklessly!
You are too injured to fight recklessly!
You are too injured to fight recklessly!
You are too injured to fight recklessly!
You are too injured to fight recklessly!
You are too injured to fight recklessly!
You are too injured to fight recklessly!
You are too injured to fight recklessly!
You are too injured to fight recklessly!
You are too injured to fight recklessly!
You are too injured to fight recklessly!
You are too injured to fight recklessly!
Unknown command.
You claw the goblin!
You kill the goblin!
Trog accepts your kill. The goblin hits you but does no damage.
The goblin hits you with a +0 club. The goblin hits you but does no damage.
The goblin hits you with a +0 club.
* * * LOW HITPOINT WARNING * * *
You closely miss the goblin. The goblin hits you with a +0 club.
* * * LOW HITPOINT WARNING * * *
The goblin hits you but does no damage. The hobgoblin closely misses you.
The goblin hits you with a +0 dagger.
* * * LOW HITPOINT WARNING * * *
The goblin hits you with a +0 dagger.
* * * LOW HITPOINT WARNING * * *
The goblin hits you but does no damage.
You claw the goblin!
You kill the goblin!
Trog accepts your kill. The hobgoblin barely misses you.
The goblin barely misses you.
The goblin unwields a +0 dagger.
The goblin wields a +0 sling.
The goblin shoots a sling bullet.
The sling bullet hits you.
* * * LOW HITPOINT WARNING * * *
The goblin hits you with a +0 dagger.
You die...

##.##.....
..........
##.........
...#....# ##
##......###
##..##.....)....
#.......g.......
#..gggg.....
#.†.@.g.....
.∩....gggg.....
#....#..#..####
#..###.#...# #..
..♣♣♣♣♣ ... ..♣♣
.. .♣ .♣


You could see Robin, a hobgoblin (strong) and 8 goblins.

Vanquished Creatures
  An iguana (D:3)
  3 adders (D:2)
  A worm (D:2)
  3 ball pythons
  6 bats
  3 endoplasms
  4 giant cockroaches
  3 goblins
  6 hobgoblins
  2 kobolds (D:1)
  2 quokkas
  A frilled lizard (D:1)
  14 rats
49 creatures vanquished.

Notes
Turn   | Place    | Note
-------+----------+-------------------------------------------
     0 | D:1      | kevlar127 the Troll Berserker began the quest for the Orb.
     0 | D:1      | Reached XP level 1. HP: 22/22 MP: 0/0
    92 | D:1      | Reached XP level 2. HP: 25/29 MP: 1/1
   573 | D:2      | Reached XP level 3. HP: 37/37 MP: 2/2
   580 | D:2      | Reached ** piety under Trog
   667 | D:2      | Found a faded altar of an unknown god.
   776 | D:2      | Reached skill level 4 in Unarmed Combat
   806 | D:2      | Reached XP level 4. HP: 40/45 MP: 3/3
  1031 | D:2      | Found an ornate altar of the Wu Jian Council.
  1091 | D:3      | Noticed Robin
  1091 | D:3      | Found Fuziargh's Antique Weapon Shop.
  1100 | D:3      | Slain by a goblin

Illustrated notes

Levels and vault maps discovered:
D:1:      shiori_arrival_elements, layout_basic
D:2:      layout_basic, basic_altar, chequers_ecumenical_altar_island,
          minmay_rat_gold_closets
D:3:      layout_rooms, ebering_ghost_disaster_area, serial_corexii_hall,
          chequers_hall_statues_y, corexii_hall_statues_i, serial_shops,
          nicolae_square_shop, serial_bayou_ford_a, uniq_robin, uniq_sigmund

Skill      XL: |  1  2  3 |
---------------+----------+-----
Fighting       | 3 |  3.5
Unarmed Combat | 4 |  4.3
Dodging        | |  2.4

Action                   |  1- 3 |  4- 6 || total
-------------------------+-------+-------++-------
Melee: Unarmed           |    84 |    15 ||    99
Throw: Stone             |     6 |       ||     6
 Stab: Sleeping          |     3 |       ||     3
Armor: Animal skin       |    40 |     4 ||    44
Dodge: Dodged            |    49 |    12 ||    61

Table legend: (Time is in decaauts)
 A = Elapsed time spent in this place.
 B = Non-inter-level travel time spent in this place.
 C = Inter-level travel time spent in this place.
 D = Time resting spent in this place.
 E = Time spent auto-exploring this place.
 F = Levels seen in this place.
 G = Mean time per level.
                   A        B        C        D        E       F      G
               +--------+--------+--------+--------+--------+-----+--------+
         Total |   1106 |   1051 |     55 |      0 |    782 |   3 |  368.7 |
       Dungeon |   1106 |   1051 |     55 |      0 |    782 |   3 |  368.7 |
               +--------+--------+--------+--------+--------+-----+--------+

Top non-repeatable levels by time:
     D:2: 588 daAuts
     D:1: 509 daAuts
     D:3: 8 daAuts
